MLB
TORONTO BLUE JAYS @ COLORADO ROCKIES
08/20/2098
 
TOP OF THE 1ST
Toronto Blue Jays batting - Pitching for Colorado Rockies : LHP Zander Gonzalez
Pitching: LHP Zander Gonzalez
Batting: LHB Collin Coleman 0-0: Ball
1-0: Fly out, F2 (Popup, 25F, EV 83.1 MPH)
Batting: RHB Victor Ramirez 0-0: Swinging Strike
0-1: Swinging Strike
0-2: Strikes out looking
Batting: RHB Greg Whitaker 0-0: Swinging Strike
0-1: Foul Ball, location: 23F
0-2: Fly out, F7 (Line Drive, 7LM, EV 88.8 MPH)
Top of the 1st over - 0 runs, 0 hits, 0 errors, 0 left on base; Toronto 0 - Colorado 0
BOTTOM OF THE 1ST
Colorado Rockies batting - Pitching for Toronto Blue Jays : RHP Jason Hudgins
Pitching: RHP Jason Hudgins
Batting: LHB Glenn Sewell 0-0: Ball
1-0: Called Strike
1-1: Called Strike
1-2: Ball
2-2: Foul Ball, location: 2F
2-2: Strikes out swinging, 2-3 out at first.
Batting: RHB Mike Woodard 0-0: Called Strike
0-1: SINGLE (Groundball, 34S, EV 71.9 MPH) (infield hit)
Batting: RHB Kosuke Sakai 0-0: Swinging Strike
0-1: DOUBLE (Flyball, 89D, EV 107.5 MPH)
Mike Woodard to third
Batting: LHB Matt Beck 0-0: Ball
1-0: Ball
2-0: Called Strike
2-1: Foul Ball, location: 23F
2-2: Strikes out swinging
Batting: LHB Jim Davis 0-0: Ball
1-0: Fly out, F8 (Flyball, 8LD, EV 98.8 MPH)
Bottom of the 1st over - 0 runs, 2 hits, 0 errors, 2 left on base; Toronto 0 - Colorado 0
TOP OF THE 2ND
Toronto Blue Jays batting - Pitching for Colorado Rockies : LHP Zander Gonzalez
Batting: SHB Dennis Desper 0-0: Ball
1-0: Foul Ball, location: 5F
1-1: Called Strike
1-2: Ground out 3-1 (Groundball, 34, EV 91.9 MPH)
Batting: RHB Ricky Ulloa 0-0: Called Strike
0-1: Ball
1-1: Ball
2-1: Called Strike
2-2: Ball
3-2: Foul Ball, location: 25FF
3-2: Ground out 4-3 (Groundball, 4, EV 81.3 MPH)
Batting: RHB Danny Daugherty 0-0: Ball
1-0: Called Strike
1-1: Foul Ball, location: 5SF
1-2: Ball
2-2: Ball
3-2: Foul Ball, location: 2F
3-2: Hit by Pitch
Batting: RHB Josh Sherman 0-0: Ball
Danny Daugherty is caught stealing 2nd base 2-4
Top of the 2nd over - 0 runs, 0 hits, 0 errors, 0 left on base; Toronto 0 - Colorado 0
BOTTOM OF THE 2ND
Colorado Rockies batting - Pitching for Toronto Blue Jays : RHP Jason Hudgins
Batting: SHB Brian Hatcher 0-0: Ball
1-0: Swinging Strike
1-1: Swinging Strike
1-2: Foul Ball, location: 2F
1-2: Strikes out looking
Batting: LHB Carlos Parez 0-0: Called Strike
0-1: Foul Ball, location: 2F
0-2: Ball
1-2: Strikes out swinging
Batting: RHB John Stevens 0-0: Fly out, F9 (Flyball, 9, EV 86.9 MPH)
Bottom of the 2nd over - 0 runs, 0 hits, 0 errors, 0 left on base; Toronto 0 - Colorado 0
TOP OF THE 3RD
Toronto Blue Jays batting - Pitching for Colorado Rockies : LHP Zander Gonzalez
Batting: RHB Josh Sherman 0-0: Foul Ball, location: 5FF
0-1: DOUBLE (Line Drive, 89D, EV 102.5 MPH)
Batting: RHB Brian Jones 0-0: Ball
1-0: Ball
2-0: Swinging Strike
2-1: Fly out, F4 (Popup, 3D, EV 52.5 MPH)
Batting: RHB Jake Kidd 0-0: Ball
1-0: Ground out 4-3 (Groundball, 13, EV 85.0 MPH)
Josh Sherman to third
Pitching: RHP Doug Craig
Batting: LHB Collin Coleman 0-0: Swinging Strike
0-1: Ground out 6-3 (Groundball, 6, EV 87.5 MPH)
Top of the 3rd over - 0 runs, 1 hit, 0 errors, 1 left on base; Toronto 0 - Colorado 0
BOTTOM OF THE 3RD
Colorado Rockies batting - Pitching for Toronto Blue Jays : RHP Jason Hudgins
Batting: LHB Jesus Pena 0-0: Ball
1-0: Ball
2-0: Foul Ball, location: 7LSFF
2-1: Ball
3-1: Base on Balls
Batting: LHB Glenn Sewell 0-0: Ball
1-0: Called Strike
1-1: Grounds into double play, 4-6-3 (Groundball, 4, EV 96.9 MPH)
Batting: RHB Mike Woodard 0-0: Foul Ball, location: 5FF
0-1: Called Strike
0-2: Ball
1-2: Strikes out swinging
Bottom of the 3rd over - 0 runs, 0 hits, 0 errors, 0 left on base; Toronto 0 - Colorado 0
TOP OF THE 4TH
Toronto Blue Jays batting - Pitching for Colorado Rockies : RHP Doug Craig
Batting: RHB Victor Ramirez 0-0: Foul Ball, location: 5DF
0-1: Ball
1-1: Hit by Pitch
Batting: RHB Greg Whitaker 0-0: Foul Ball, location: 5FF
0-1: Foul Ball, location: 2F
0-2: Strikes out looking
Batting: SHB Dennis Desper 0-0: Ball
1-0: Ball
2-0: Called Strike
2-1: Called Strike
2-2: Foul Ball, location: 9LDF
2-2: Foul Ball, location: 2F
2-2: 2-RUN HOME RUN (Flyball, 7LD, EV 93.8 MPH), Distance : 367 ft
Batting: RHB Ricky Ulloa 0-0: Foul Ball, location: 23F
0-1: Ball
1-1: Ball
2-1: DOUBLE (Line Drive, 89D, EV 110.6 MPH)
Batting: RHB Danny Daugherty 0-0: Ball
1-0: Foul Ball, location: 2F
1-1: Foul Ball, location: 2F
1-2: Ball
2-2: Ball
3-2: Foul Ball, location: 2F
3-2: 2-RUN HOME RUN (Line Drive, 9LD, EV 96.9 MPH), Distance : 379 ft
Pitching: RHP Matthew Hodge
Batting: RHB Josh Sherman 0-0: Ball
1-0: Foul Ball, location: 2F
1-1: Ball
2-1: Foul Ball, location: 9LMF
2-2: Ball
3-2: Foul Ball, location: 2F
3-2: Base on Balls
Batting: RHB Brian Jones 0-0: Called Strike
Josh Sherman steals 2nd base
0-1: Ball
1-1: Fly out, F7 (Flyball, 7LS, EV 92.5 MPH)
Batting: RHB Jake Kidd 0-0: SINGLE (Groundball, 4M, EV 103.1 MPH) (infield hit)
Josh Sherman to third
Batting: LHB Collin Coleman 0-0: Swinging Strike
0-1: Swinging Strike
0-2: Ball
1-2: Foul Ball, location: 9LMF
1-2: Strikes out swinging
Top of the 4th over - 4 runs, 4 hits, 0 errors, 2 left on base; Toronto 4 - Colorado 0
BOTTOM OF THE 4TH
Colorado Rockies batting - Pitching for Toronto Blue Jays : RHP Jason Hudgins
Batting: RHB Kosuke Sakai 0-0: Hit by Pitch
Batting: LHB Matt Beck 0-0: Ball
1-0: Foul Ball, location: 3F
1-1: Ball
2-1: Ball
3-1: Foul Ball, location: 7LSF
3-2: SINGLE (Groundball, 6MD, EV 94.4 MPH)
Kosuke Sakai to second
Batting: LHB Jim Davis 0-0: Called Strike
0-1: Foul Ball, location: 3FF
0-2: Ball
1-2: Ball
2-2: Fly out, F8 (Flyball, 8LXD, EV 83.8 MPH)
Runner from 2nd tags up, SAFE at 3rd, no throw by CF
Batting: SHB Brian Hatcher 0-0: Ball
1-0: Foul Ball, location: 2F
1-1: Foul Ball, location: 9LSF
1-2: Strikes out swinging
Batting: LHB Carlos Parez 0-0: Called Strike
0-1: Ball
1-1: Ball
2-1: Foul Ball, location: 5F
2-2: Strikes out swinging
Bottom of the 4th over - 0 runs, 1 hit, 0 errors, 2 left on base; Toronto 4 - Colorado 0
TOP OF THE 5TH
Toronto Blue Jays batting - Pitching for Colorado Rockies : RHP Matthew Hodge
Batting: RHB Victor Ramirez 0-0: Called Strike
0-1: Ball
1-1: Swinging Strike
1-2: Ball
2-2: Strikes out looking
Batting: RHB Greg Whitaker 0-0: Called Strike
0-1: Ball
1-1: Ball
2-1: Foul Ball, location: 9LMF
2-2: Ball
3-2: SINGLE (Flyball, 3D, EV 85.0 MPH)
Batting: SHB Dennis Desper 0-0: Called Strike
0-1: Foul Ball, location: 2F
0-2: Grounds into double play, 6-4-3 (Groundball, 6, EV 91.3 MPH)
Top of the 5th over - 0 runs, 1 hit, 0 errors, 0 left on base; Toronto 4 - Colorado 0
BOTTOM OF THE 5TH
Colorado Rockies batting - Pitching for Toronto Blue Jays : RHP Jason Hudgins
Batting: RHB John Stevens 0-0: Swinging Strike
0-1: Ball
1-1: Foul Ball, location: 5F
1-2: Foul Ball, location: 2F
1-2: Strikes out swinging, 2-3 out at first.
Batting: LHB Jesus Pena 0-0: Ball
1-0: SINGLE (Flyball, 7, EV 83.8 MPH)
Batting: LHB Glenn Sewell 0-0: Ball
1-0: Swinging Strike
1-1: Ball
2-1: Ball
3-1: Called Strike
3-2: Foul Ball, location: 25F
3-2: Foul Ball, location: 9LMF
3-2: SINGLE (Line Drive, 3D, EV 96.3 MPH)
Jesus Pena to second
Runner from 2nd tries for 3rd, SAFE, no throw by RF
Batting: RHB Mike Woodard 0-0: Ball
1-0: Ball
2-0: Ball
3-0: Called Strike
3-1: Called Strike
3-2: Strikes out swinging
Batting: RHB Kosuke Sakai 0-0: Foul Ball, location: 23FF
0-1: Ball
1-1: Foul Ball, location: 5F
1-2: Ball
2-2: Foul Ball, location: 9LMF
2-2: Strikes out swinging
Bottom of the 5th over - 0 runs, 2 hits, 0 errors, 2 left on base; Toronto 4 - Colorado 0
TOP OF THE 6TH
Toronto Blue Jays batting - Pitching for Colorado Rockies : RHP Matthew Hodge
Pitching: RHP Danny Dudley
Batting: RHB Ricky Ulloa 0-0: Ball
1-0: Foul Ball, location: 3F
1-1: Called Strike
1-2: Ball
2-2: Ball
3-2: Foul Ball, location: 9LMF
3-2: SINGLE (Line Drive, 8LS, EV 91.9 MPH)
Batting: RHB Danny Daugherty 0-0: Called Strike
0-1: Ball
1-1: Grounds into double play, 6-4-3 (Groundball, 6, EV 100.0 MPH)
Batting: RHB Josh Sherman 0-0: Ball
1-0: Ball
2-0: Swinging Strike
2-1: Swinging Strike
2-2: Foul Ball, location: 2F
2-2: SINGLE (Line Drive, 56D, EV 102.5 MPH)
Batting: RHB Brian Jones 0-0: Ball
1-0: Ball
2-0: Foul Ball, location: 9LSF
2-1: SINGLE (Line Drive, 8RS, EV 102.5 MPH)
Josh Sherman to second
Batting: RHB Jake Kidd 0-0: Ball
1-0: Fly out, F7 (Line Drive, 78M, EV 102.5 MPH)
Top of the 6th over - 0 runs, 3 hits, 0 errors, 2 left on base; Toronto 4 - Colorado 0
BOTTOM OF THE 6TH
Colorado Rockies batting - Pitching for Toronto Blue Jays : RHP Jason Hudgins
Batting: LHB Matt Beck 0-0: Ball
1-0: Fly out, F6 (Flyball, 6MD, EV 91.9 MPH)
Batting: LHB Jim Davis 0-0: Swinging Strike
0-1: Called Strike
0-2: Strikes out looking
Batting: SHB Brian Hatcher 0-0: Ball
1-0: Ball
2-0: Ball
3-0: Called Strike
3-1: Base on Balls
Batting: LHB Carlos Parez 0-0: Ball
1-0: Ball
2-0: Ball
3-0: Base on Balls
Brian Hatcher to second
Batting: RHB John Stevens 0-0: Ball
1-0: Called Strike
1-1: Ground out 4-3 (Groundball, 4, EV 84.4 MPH)
Bottom of the 6th over - 0 runs, 0 hits, 0 errors, 2 left on base; Toronto 4 - Colorado 0
TOP OF THE 7TH
Toronto Blue Jays batting - Pitching for Colorado Rockies : RHP Danny Dudley
Pitching: RHP Angel Cruz
Batting: LHB Collin Coleman 0-0: Ball
1-0: Ball
2-0: DOUBLE (Line Drive, 78D, EV 110.6 MPH)
Batting: RHB Victor Ramirez 0-0: Ball
1-0: Ball
2-0: Ball
3-0: Called Strike
3-1: Foul Ball, location: 2F
3-2: Foul Ball, location: 2F
3-2: Strikes out swinging
Batting: RHB Greg Whitaker 0-0: Called Strike
0-1: Ball
1-1: Called Strike
1-2: Ball
2-2: Ball
3-2: Ground out 4-3 (Groundball, 34, EV 98.1 MPH)
Collin Coleman to third
Batting: SHB Dennis Desper 0-0: Called Strike
0-1: Ball
1-1: Foul Ball, location: 2F
1-2: Ball
2-2: Strikes out swinging, 2-3 out at first.
Top of the 7th over - 0 runs, 1 hit, 0 errors, 1 left on base; Toronto 4 - Colorado 0
BOTTOM OF THE 7TH
Colorado Rockies batting - Pitching for Toronto Blue Jays : RHP Jason Hudgins
Batting: LHB Jesus Pena 0-0: Ball
1-0: Called Strike
1-1: Called Strike
1-2: Ball
2-2: Foul Ball, location: 2F
2-2: Ball
3-2: Foul Ball, location: 2F
3-2: Base on Balls
Batting: LHB Glenn Sewell 0-0: Called Strike
0-1: Ball
1-1: DOUBLE (Flyball, 8RXD, EV 110.0 MPH)
Jesus Pena to third
Batting: RHB Mike Woodard 0-0: Called Strike
0-1: Called Strike
0-2: SINGLE (Line Drive, 4D, EV 94.4 MPH)
Jesus Pena scores
Glenn Sewell to third
Batting: RHB Kosuke Sakai 0-0: Called Strike
0-1: Foul Ball, location: 2F
0-2: Strikes out looking
Batting: LHB Matt Beck 0-0: 3-RUN HOME RUN (Flyball, 9LD, EV 95.6 MPH), Distance : 357 ft
Batting: LHB Jim Davis 0-0: Ball
1-0: Fly out, F8 (Flyball, 78M, EV 86.9 MPH)
Batting: SHB Brian Hatcher 0-0: Foul Ball, location: 2F
0-1: Foul Ball, location: 3FF
0-2: Strikes out swinging
Bottom of the 7th over - 4 runs, 3 hits, 0 errors, 0 left on base; Toronto 4 - Colorado 4
TOP OF THE 8TH
Toronto Blue Jays batting - Pitching for Colorado Rockies : RHP Angel Cruz
Pinch Hitting: LHB Ramon Anguiano 0-0: Ball
1-0: Foul Ball, location: 7LDF
1-1: Called Strike
1-2: Ball
2-2: Fly out, F9 (Flyball, 9, EV 95.0 MPH)
Pinch Hitting: LHB John Slaff 0-0: Foul Ball, location: 25F
0-1: Ball
1-1: Ground out U3 (Groundball, 3, EV 108.1 MPH)
Pinch Hitting: LHB Ryan Ricks 0-0: Foul Ball, location: 2LF
0-1: Ball
1-1: Ball
2-1: SINGLE (Line Drive, 78S, EV 110.0 MPH)
Pitching: RHP Matt Osorio
Batting: RHB Brian Jones 0-0: Called Strike
0-1: Fly out, F8 (Flyball, 8RD, EV 97.5 MPH)
Top of the 8th over - 0 runs, 1 hit, 0 errors, 1 left on base; Toronto 4 - Colorado 4
BOTTOM OF THE 8TH
Colorado Rockies batting - Pitching for Toronto Blue Jays : RHP Jason Hudgins
Pitching: RHP Ryan Czarnecki
Now at 3B: Mark Spalding
Now in CF: John Slaff
Now in RF: Ryan Ricks
Batting: LHB Carlos Parez 0-0: Foul Ball, location: 7LSF
0-1: Called Strike
0-2: Strikes out swinging
Pinch Hitting: SHB Justin Williams 0-0: Ground out U3 (Groundball, 3L, EV 91.3 MPH)
Batting: LHB Jesus Pena 0-0: Ball
1-0: Ball
2-0: Ground out 4-3 (Groundball, 4, EV 81.9 MPH)
Bottom of the 8th over - 0 runs, 0 hits, 0 errors, 0 left on base; Toronto 4 - Colorado 4
TOP OF THE 9TH
Toronto Blue Jays batting - Pitching for Colorado Rockies : RHP Matt Osorio
Now at SS: Orlando Serrano
Batting: RHB Jake Kidd 0-0: Ball
1-0: Ball
2-0: Ball
3-0: Base on Balls
Batting: LHB Collin Coleman 0-0: Called Strike
0-1: Ball
1-1: Grounds into double play, 4-6-3 (Groundball, 4, EV 86.9 MPH)
Batting: RHB Victor Ramirez 0-0: Ground out 6-3 (Groundball, 6, EV 108.1 MPH)
Top of the 9th over - 0 runs, 0 hits, 0 errors, 0 left on base; Toronto 4 - Colorado 4
BOTTOM OF THE 9TH
Colorado Rockies batting - Pitching for Toronto Blue Jays : RHP Ryan Czarnecki
Batting: LHB Glenn Sewell 0-0: Foul Ball, location: 2F
0-1: Ball
1-1: TRIPLE (Line Drive, 8LXD, EV 104.4 MPH)
Batting: RHB Mike Woodard 0-0: Ball
1-0: Ball
2-0: SINGLE (Groundball, 6D, EV 98.1 MPH)
Glenn Sewell scores
Bottom of the 9th over - 1 run, 2 hits, 0 errors, 1 left on base; Toronto 4 - Colorado 5
Saturday, April 13th , 2024 - OOTP Baseball 24.11 Build 85